 Dungeon Crawl Stone Soup version 0.28-a0-1629-gf728b707aa (webtiles) character file.

Game seed: 469692300536537034

76 dolemite99 the Quickloader (level 4, 32/32 HPs)
             Began as a Gnoll Wanderer on Jan 25, 2022.
             Was a Follower of Trog.
             Quit the game on level 2 of the Dungeon.
             The game lasted 00:01:56 (1950 turns).

dolemite99 the Quickloader (Gnoll Wanderer)         Turns: 1950, Time: 00:01:57

Health: 32/32      AC:  6    Str: 13    XL:     4   Next: 32%
Magic:  8/8        EV:  8    Int: 16    God:    Trog [*.....]
Gold:   35         SH:  3    Dex:  7    Spells: 8/9 levels left

rFire   . . .      SeeInvis .   a - +2 hand crossbow
rCold   . . .      Faith    .   e - +0 buckler
rNeg    . . .      Spirit   .   c - +0 scale mail
rPois   .          Reflect  .   (no helmet)
rElec   .          Harm     .   (no cloak)
rCorr   .          Rampage  .   (no gloves)
Will    .....                   (no boots)
Stlth   ..........              (no amulet)
HPRegen 0.10/turn               (no ring)
MPRegen 0.11/turn               (no ring)

@: no status effects
A: fangs 1, strong nose, distributed training
a: Renounce Religion, Berserk


You were on level 2 of the Dungeon.
You worshipped Trog.
Trog was aware of your devotion.
You visited 1 branch of the dungeon, and saw 2 of its levels.

You collected 35 gold pieces.

Inventory:

Hand Weapons
 a - a +2 hand crossbow (weapon)
 b - a +0 dagger of venom
Missiles
 g - 19 bolts (quivered ammo)
 k - 24 stones
Armour
 c - a +0 scale mail (worn)
 e - a +0 buckler (worn)
Jewellery
 f - a ring of flight
Scrolls
 h - a scroll of magic mapping {unknown}
 i - a scroll of teleportation {unknown}
 l - a scroll of noise {unknown}
 m - a scroll of enchant armour {unknown}
Potions
 d - a potion of invisibility
 j - a potion of haste {unknown}


   Skills:
 + Level 1.1 Fighting
 + Level 1.1 Short Blades
 + Level 1.1 Long Blades
 + Level 1.1 Axes
 + Level 1.1 Maces & Flails
 + Level 1.1 Polearms
 + Level 1.1 Staves
 + Level 1.1 Slings
 + Level 1.1 Bows
 + Level 10.4 Crossbows
 + Level 1.1 Throwing
 + Level 2.7 Armour
 + Level 1.1 Dodging
 + Level 1.1 Stealth
 + Level 1.1 Shields
 + Level 1.1 Unarmed Combat
 + Level 3.0 Spellcasting
 + Level 0.8 Conjurations
 + Level 0.8 Hexes
 + Level 0.8 Summonings
 + Level 0.8 Necromancy
 + Level 0.8 Translocations
 + Level 0.8 Transmutations
 + Level 2.2 Fire Magic
 + Level 0.8 Ice Magic
 + Level 0.8 Air Magic
 + Level 0.8 Earth Magic
 + Level 0.8 Poison Magic
 + Level 2.8 Invocations
 + Level 2.7 Evocations


You had 8 spell levels left.
You knew the following spells:

 Your Spells              Type           Power      Damage    Failure   Level
a - Foxfire               Conj/Fire      28%        2x1d5     52%         1

Your spell library contained the following spells:

 Spells                   Type           Power      Damage    Failure   Level
 Inner Flame              Hex/Fire       7%         N/A       88%         3


Dungeon Overview and Level Annotations

Branches:
Dungeon (2/15)

Altars:
Trog


Innate Abilities, Weirdness & Mutations

You have very sharp teeth.
Your uncanny sense of smell can sniff out nearby items.
Your experience applies equally to all skills.


Message History

The bolt hits the worm but does no damage.
The worm is almost dead.
You shoot a bolt. The bolt hits the worm!
You kill the worm!
Your Spellcasting skill increases to level 3!
No target in view!
You see here a +0 flail.
g - 15 bolts (gained 1)
g - 17 bolts (gained 2)
g - 18 bolts (gained 1)
g - 20 bolts (gained 2)
g - 21 bolts (gained 1)
You open the door.
Found a faded altar of an unknown god.
There is an open door here.
There is a faded altar of an unknown god here.
You cannot tell which god this altar belongs to.
Convert to them anyway?
Trog accepts your prayer! Trog welcomes you!
You can now go berserk at will.
As you open the door, it creaks loudly!
There is an open door here.
Found a stone staircase leading down.
m - a scroll labelled XEMAGI CU YST A hobgoblin comes into view.
The hobgoblin shouts!
You shoot a bolt. The bolt hits the hobgoblin.
You kill the hobgoblin!
Trog accepts your kill.
A frilled lizard comes into view.
You shoot a bolt. The frilled lizard hisses angrily.
The bolt hits the frilled lizard.
You kill the frilled lizard!
Trog accepts your kill.
No target in view!
No target in view!
No target in view!
No target in view!
Are you sure you want to abandon this character and quit the game? (Confirm with "yes".)

## #.#.#.####...#....
......## ##.......
####.#..####.##...>
#.#..##.......##
#.#..##.#.......
#.#.............
##.............##
#.#.####........#.###.#
((.....@............
...
#...#####.#..####.###
## # #.#..# #.# ..#..#
# ####..# #..#


There were no monsters in sight!

Vanquished Creatures
  3 gnolls (D:2)
  2 worms (D:2)
  2 dart slugs (D:2)
  7 endoplasms
  2 giant cockroaches
  3 goblins
  2 hobgoblins
  A quokka (D:1)
  3 ball pythons (D:1)
  4 bats
  3 frilled lizards
  4 kobolds
  3 rats (D:1)
39 creatures vanquished.

Notes
Turn   | Place    | Note
-------+----------+-------------------------------------------
     0 | D:1      | Reached skill level 10 in Crossbows
     0 | D:1      | dolemite99 the Gnoll Wanderer began the quest for the Orb.
     0 | D:1      | dolemite99 set off with the following items: a +2 hand
                  | crossbow, 28 bolts, a +0 scale mail; and the following
                  | spell memorised: Foxfire; and the following spells
                  | available to memorise: Inner Flame
     0 | D:1      | Reached XP level 1. HP: 13/13 MP: 4/4
   249 | D:1      | Reached XP level 2. HP: 19/19 MP: 5/5
  1277 | D:2      | Reached XP level 3. HP: 24/25 MP: 7/7
  1603 | D:2      | Reached skill level 1 in Fighting
  1603 | D:2      | Reached skill level 1 in Short Blades
  1603 | D:2      | Reached skill level 1 in Long Blades
  1603 | D:2      | Reached skill level 1 in Axes
  1603 | D:2      | Reached skill level 1 in Maces & Flails
  1603 | D:2      | Reached skill level 1 in Polearms
  1603 | D:2      | Reached skill level 1 in Staves
  1603 | D:2      | Reached skill level 1 in Slings
  1603 | D:2      | Reached skill level 1 in Bows
  1603 | D:2      | Reached skill level 1 in Throwing
  1603 | D:2      | Reached skill level 1 in Dodging
  1603 | D:2      | Reached skill level 1 in Stealth
  1603 | D:2      | Reached skill level 1 in Shields
  1603 | D:2      | Reached skill level 1 in Unarmed Combat
  1640 | D:2      | Reached XP level 4. HP: 32/32 MP: 8/8
  1912 | D:2      | Found a faded altar of an unknown god.
  1918 | D:2      | Prayed at the altar of an unknown god.
  1918 | D:2      | Became a worshipper of Trog the Wrathful
  1918 | D:2      | Reached * piety under Trog
  1950 | D:2      | Quit the game

Illustrated notes

Levels and vault maps discovered:
D:1:      dpeg_arrival_tiny_k, layout_loops_corners
D:2:      layout_basic, dreamdust_ecumenical_altar_angels_and_demons

Skill      XL: |  1  2  3  4 |
---------------+-------------+-----
Crossbows      | | 10.4
Fire Magic     | 2 |  2.2
Fighting       | 1 |  1.1
Short Blades   | 1 |  1.1
Long Blades    | 1 |  1.1
Axes           | 1 |  1.1
Maces & Flails | 1 |  1.1
Polearms       | 1 |  1.1
Staves         | 1 |  1.1
Slings         | 1 |  1.1
Bows           | 1 |  1.1
Throwing       | 1 |  1.1
Dodging        | 1 |  1.1
Stealth        | 1 |  1.1
Shields        | 1 |  1.1
Unarmed Combat | 1 |  1.1
Spellcasting   | 3 |  3.0
Armour         | |  2.7
Conjurations   | |  0.8
Hexes          | |  0.8
Summonings     | |  0.8
Necromancy     | |  0.8
Translocations | |  0.8
Transmutations | |  0.8
Ice Magic      | |  0.8
Air Magic      | |  0.8
Earth Magic    | |  0.8
Poison Magic   | |  0.8
Invocations    | |  2.8
Evocations     | |  2.7

Action                   |  1- 3 |  4- 6 || total
-------------------------+-------+-------++-------
Melee: Dagger            |    80 |       ||    80
       Bite              |     8 |       ||     8
 Fire: Hand crossbow     |    13 |    18 ||    31
Throw: Stone             |    10 |       ||    10
  Use: Scroll            |     1 |       ||     1
Armor: Scale mail        |    29 |       ||    29
Dodge: Dodged            |    43 |     1 ||    44
Block: Buckler           |     9 |       ||     9

Table legend: (Time is in decaauts)
 A = Elapsed time spent in this place.
 B = Non-inter-level travel time spent in this place.
 C = Inter-level travel time spent in this place.
 D = Time resting spent in this place.
 E = Time spent auto-exploring this place.
 F = Levels seen in this place.
 G = Mean time per level.
                   A        B        C        D        E       F      G
               +--------+--------+--------+--------+--------+-----+--------+
         Total |   1950 |   1932 |     18 |    360 |   1195 |   2 |  975.0 |
       Dungeon |   1950 |   1932 |     18 |    360 |   1195 |   2 |  975.0 |
               +--------+--------+--------+--------+--------+-----+--------+

Top non-repeatable levels by time:
     D:1: 1256 daAuts
     D:2: 694 daAuts
